 Dungeon Crawl Stone Soup version 0.29.1-13-g9f3cf754e1 (webtiles) character file.

Game seed: 8257055715995456643

1724275 khekkus the Executioner (level 27, 88/177 (181) HPs)
             Began as a Hill Orc Fighter on Jan 31, 2023.
             Was a High Priest of Okawaru.
             Escaped with the Orb
             ... and 3 runes on Feb 3, 2023!
             The game lasted 04:19:54 (68286 turns).

khekkus the Executioner (Hill Orc Fighter)         Turns: 68286, Time: 04:19:54

HP:   88/177 (181)  AC: 37    Str: 40 (41) XL:     27
MP:   22/22         EV: 15    Int: 10      God:    Okawaru [*****.]
Gold: 4241          SH: 24    Dex: 18 (19) Spells: 25/26 levels left

rFire   + + +      SeeInvis .   a - +9 broad axe (flame)
rCold   + + .      Faith    .   y - +2 kite shield {rC+ rF+}
rNeg    + + .      Spirit   .   n - +12 plate armour of Gestures {rElec rF+ Int+2 Dex+6}
rPois   +          Reflect  +   z - +2 hat of Valiance {Int+2 Slay+3}
rElec   +          Harm     .   u - +1 cloak {Will+}
rCorr   +          Rampage  .   w - +0 pair of fencer's gloves {Riposte Dex+3}
Will    +++..      Rnd*Tele +   T - +2 pair of boots "Zioch" {rPois}
Stlth   ..........              m - amulet of the Priest {Reflect Str+2 SH+5}
HPRegen 0.39/turn               C - ring "Riefiden" {rElec rN++ MP-9 Str+6}
MPRegen 0.18/turn               I - ring of protection from fire

@: resistant, studying 5 skills, lightly drained
A: deformed body, deterioration 2, dopey 1, frail 3, low MP 2, screaming 1,
teleportitis 1, subdued magic 1, inability to drink after injury 2, devolution 1
0: Orb of Zot
}: 3/15 runes: decaying, serpentine, silver
a: Renounce Religion, Heroism, Finesse, Duel


You escaped.
You worshipped Okawaru.
Okawaru was extremely pleased with you.
You visited 11 branches of the dungeon, and saw 49 of its levels.
You visited 1 bazaar.

You collected 7926 gold pieces.
You spent 3685 gold pieces at shops.

Inventory:

Hand Weapons
 a - a +9 broad axe of flaming (weapon)
 b - a +6 antimagic war axe
 M - the +8 broad axe of Simual {freeze, Str+3}
   (You took it off a deep elf high priest on level 3 of the Elven Halls)

   It freezes those it strikes, dealing additional cold damage.
   It can also slow down cold-blooded creatures.
   Str:       It affects your strength (+3).
Missiles
 S - 17 silver javelins
Armour
 n - the +12 plate armour of Gestures (worn) {rElec rF+ Int+2 Dex+6}
   (You found it on level 2 of the Dungeon)

   Int:       It affects your intelligence (+2).
   Dex:       It affects your dexterity (+6).
   rF:        It protects you from fire.
   rElec:     It insulates you from electricity.
 u - a +1 cloak of willpower (worn)
 w - the +0 pair of fencer's gloves (worn) {Riposte Dex+3}
   (You found it on level 1 of the Depths)

   It allows the wearer to riposte with melee weapons, swiftly retaliating
   against missed or blocked melee attacks.
   Dex:       It affects your dexterity (+3).
 y - a +2 kite shield of resistance (worn)
 z - the +2 hat of Valiance (worn) {Int+2 Slay+3}
   (Okawaru gifted it to you on level 1 of the Orcish Mines)

   Int:       It affects your intelligence (+2).
   Slay:      It affects your accuracy & damage with ranged weapons and melee
   (+3).
 T - the +2 pair of boots "Zioch" (worn) {rPois}
   (You acquired it on level 14 of the Dungeon)

   rPois:     It protects you from poison.
Jewellery
 c - the ring "Azxuz" {Fly Str+4}
   (You found it on level 3 of the Depths)

   [ring of flight]

   Str:       It affects your strength (+4).
   Fly:       It grants you flight.
 f - a ring of positive energy
 h - a ring of see invisible
 k - a +4 ring of slaying
 m - the amulet of the Priest (around neck) {Reflect Str+2 SH+5}
   (You found it on level 3 of the Depths)

   [amulet of reflection]

   It reflects blocked missile attacks.
   Str:       It affects your strength (+2).
   SH:        It affects your SH (+5).
 o - a ring of willpower
 p - a ring of resist corrosion
 C - the ring "Riefiden" (left hand) {rElec rN++ MP-9 Str+6}
   (You bought it in a shop on level 3 of the Elven Halls)

   [ring of strength]

   Str:       It affects your strength (+6).
   rElec:     It insulates you from electricity.
   rN:        It greatly protects you from negative energy.
   MP:        It affects your magic capacity (-9).
 H - the ring of Okawaru's Esteem {*Slow rPois Int+2 Dex+4 Stlth+}
   (You found it on level 3 of the Realm of Zot)

   [ring of poison resistance]

   Int:       It affects your intelligence (+2).
   Dex:       It affects your dexterity (+4).
   rPois:     It protects you from poison.
   *Slow:     It may slow you when you take damage.
   Stlth:     It makes you more stealthy.
 I - a ring of protection from fire (right hand)
 Q - a ring of willpower
Wands
 e - a wand of digging (10)
 D - a wand of flame (104) (quivered)
 E - a wand of polymorph (9)
 L - a wand of iceblast (30)
 O - a wand of mindburst (51)
 P - a wand of paralysis (6)
Scrolls
 g - 6 scrolls of magic mapping
 j - 10 scrolls of fear
 l - 20 scrolls of teleportation
 K - 8 scrolls of silence
 V - 10 scrolls of poison
Potions
 d - 4 potions of might
 i - 9 potions of cancellation
 q - 25 potions of curing
 t - 13 potions of heal wounds
 x - 5 potions of resistance
 A - 5 potions of haste
 B - 3 potions of invisibility
 U - 5 potions of berserk rage
Miscellaneous
 s - a lightning rod (4/4)
 Y - a condenser vane


   Skills:
 + Level 23.5 Fighting
 + Level 26.1 Axes
 - Level 6.0 Throwing
 + Level 21.8 Armour
 - Level 10.0 Dodging
 + Level 21.7 Shields
 + Level 25.9 Invocations
 + Level 19.4 Evocations


You had 25 spell levels left.
You knew the following spells:

 Your Spells              Type           Power      Damage    Failure   Level
a - Apportation           Tloc           0%         N/A       75%         1

Your spell library contained the following spells:

 Spells                   Type           Power      Damage    Failure   Level
 Necrotise                Necr           0%         1d4       75%         1
 Sandblast                Erth           0%         2d4       75%         1
 Sting                    Tmut/Pois      0%         1d3       75%         1
 Ensorcelled Hibernation  Hex/Ice        0%         N/A       87%         2
 Passwall                 Tmut/Erth      0%         N/A       87%         2
 Poisonous Vapours        Pois/Air       0%         N/A       87%         2
 Conjure Flame            Conj/Fire      0%         6-21      98%         3
 Dazzling Flash           Conj/Hex       0%         N/A       98%         3
 Frozen Ramparts          Ice            0%         1d1       98%         3
 Gell's Gravitas          Tloc           0%         N/A       98%         3
 Ignite Poison            Fire/Tmut/Pois 0%         N/A       98%         3
 Inner Flame              Hex/Fire       0%         N/A       98%         3
 Mephitic Cloud           Conj/Pois/Air  0%         N/A       98%         3
 Ozocubu's Armour         Ice            0%         N/A       98%         3
 Stone Arrow              Conj/Erth      0%         3d7       98%         3
 Swiftness                Air            0%         N/A       98%         3
 Teleport Other           Tloc           0%         N/A       98%         3
 Vampiric Draining        Necr           0%         2d6       98%         3
 Cause Fear               Hex            0%         N/A       100%        4
 Corpse Rot               Necr/Pois/Air  0%         N/A       100%        4
 Dispel Undead            Necr           0%         3d6       100%        4
 Hailstorm                Conj/Ice       0%         3d3       100%        4
 Ice Form                 Ice/Tmut       0%         N/A       100%        4
 Iskenderun's Mystic Bla  Conj/Tloc      0%         2d3       100%        4
 Olgreb's Toxic Radiance  Pois           0%         N/A       100%        4
 Agony                    Necr           0%         N/A       100%        5
 Alistair's Intoxication  Tmut/Pois      0%         N/A       100%        5
 Blade Hands              Tmut           0%         N/A       100%        5
 Borgnjor's Vile Clutch   Necr/Erth      0%         N/A       100%        5
 Fireball                 Conj/Fire      0%         3d3       100%        5
 Freezing Cloud           Conj/Ice/Air   0%         6-21      100%        5
 Irradiate                Conj/Tmut      0%         3d11      100%        5
 Iskenderun's Battlesphe  Conj           0%         2d6       100%        5
 Metabolic Englaciation   Hex/Ice        0%         N/A       100%        5
 Conjure Ball Lightning   Conj/Air       0%         3x3d6     100%        6
 Dispersal                Tloc           0%         N/A       100%        6
 Eringya's Noxious Bog    Tmut/Pois      0%         N/A       100%        6
 Iron Shot                Conj/Erth      0%         9d1       100%        6
 Starburst                Conj/Fire      0%         6d3       100%        6
 Dragon Form              Tmut           0%         N/A       100%        7
 Orb of Destruction       Conj           0%         9d5       100%        7
 Storm Form               Tmut/Air       0%         N/A       100%        7
 Borgnjor's Revivificati  Necr           0%         N/A       100%        8
 Discord                  Hex            0%         N/A       100%        8
 Disjunction              Tloc           0%         N/A       100%        8
 Ignition                 Fire           0%         3d3       100%        8
 Maxwell's Capacitive Co  Air            0%         ∞         100%        8
 Necromutation            Tmut/Necr      0%         N/A       100%        8
 Death's Door             Necr           0%         N/A       100%        9
 Summon Small Mammal      Summ           Unusable   N/A       N/A         1
 Call Canine Familiar     Summ           Unusable   N/A       N/A         3
 Summon Guardian Golem    Hex/Summ       Unusable   N/A       N/A         3
 Animate Armour           Summ/Erth      Unusable   N/A       N/A         4
 Animate Dead             Necr           Unusable   N/A       N/A         4
 Summon Ice Beast         Ice/Summ       Unusable   N/A       N/A         4
 Summon Lightning Spire   Summ/Air       Unusable   N/A       N/A         4
 Death Channel            Necr           Unusable   N/A       N/A         6
 Simulacrum               Ice/Necr       Unusable   N/A       N/A         6
 Spellforged Servitor     Conj/Summ      Unusable   N/A       N/A         7

Dungeon Overview and Level Annotations

Branches:
Dungeon (15/15)            Temple (1/1) D:5            Lair (5/5) D:8
  Swamp (4/4) Lair:2        Snake (4/4) Lair:2        Slime (0/5) Lair:4
    Orc (2/2) D:10            Elf (3/3) Orc:2        Vaults (5/5) D:13
  Crypt (1/3) Vaults:2     Depths (4/4) D:15            Zot (5/5) Depths:4

Altars:
Ashenzari
Cheibriados
Dithmenos
Elyvilon
Fedhas
Gozag
Hepliaklqana
Kikubaaqudgha
Makhleb
Nemelex Xobeh
Okawaru
Qazlal
Ru
Sif Muna
Trog
Uskayaw
Vehumet
Wu Jian
Xom
Yredelemnul
Zin
The Shining One

Shops:
D:3 [   D:4 :**   Orc:2 (**[   Elf:1 [   Elf:3 =   Snake:2 [?(   Snake:4 (
Vaults:2 :

Portals:
Hell: Depths:1 Depths:2 Depths:3 Depths:4
Abyss: Depths:3 Depths:4
Pandemonium: Depths:2
Ziggurat: Depths:3

Annotations:
Depths:1 3 runed translucent doors
Zot:3 2 transporters


Innate Abilities, Weirdness & Mutations

Armour fits poorly on your strangely shaped body.
Your body often deteriorates upon taking damage.
You are dopey. (Int -2)
You are extremely frail. (-30% HP)
Your magical capacity is very low. (-20% MP)
You occasionally shout uncontrollably at your foes.
You are occasionally teleported next to monsters.
Your spells are a little easier to cast, but a little less powerful.
You sometimes lose the ability to drink potions when taking damage.
You have hidden genetic defects.


Message History

There is a stone staircase leading down here.
An Ackaud, a red devil, a ynoxinul and a lich come into view.
You yell at the red devil!
You see here a +0 ring mail.
The ynoxinul moves out of view.
The hellion gestures at you.
The sphere of damnation explodes!
The damnation engulfs you!!
Your body deteriorates!
You feel clumsy.
Unknown command.
Okay, then.
Drinking this now will have no effect.
You feel yourself speed up.
You feel protected.
The lich casts a spell.
The lich seems to speed up.
The lich casts a spell.
The lich flickers and vanishes!
Deactivating autopickup; reactivate with Ctrl-A.
Something conjures a glowing orb.
The hellion gestures at you.
The sphere of damnation explodes!
The damnation engulfs you!
An orb of destruction comes into view.
There is an escape hatch in the ceiling here.
The orb of destruction hits you!!!!
You feel threatened and lose the ability to drink potions!
A mysterious force pulls you upwards. The hatch slams shut behind you.
Reactivating autopickup.
(D) Dungeon (T) Temple (L) Lair (S) Swamp (P) Snake Pit (M) Slime Pits (O) Orcish Mines (E) Elven Halls (V) Vaults (C) Crypt (U) Depths (H) Hell (Z) Zot
Where to? (Enter - D:12, ? - help)
Okay, then.
A soul eater comes into view.
You can drink potions again.
There is an escape hatch in the floor here.
Your extra speed is starting to run out.
You feel yourself slow down.
There is a staircase leading out of the dungeon here.
You have escaped!

#...÷###....##### #.###.........
......).....########.#
#.########
#.#########.#........# #.# #.#
#.########....♣♣♣♣♣..###.# #.##
#.##...#......♣♣♣♣♣.♣.##.# #...
#.##...#.>.♣♣.♣∩∩∩.♣♣♣.>.# #.##
#..#...#...♣♣∩.....∩♣♣...# ##.#.
##.#...##.♣♣∩..♣♣♣..∩♣♣..# #....
#.#......♣♣∩...@...∩♣♣..# ##....
#.....#).♣♣∩..♣♣♣..∩♣♣..###.....
###...##..♣♣∩.....∩♣♣...........
#...##>.♣♣♣♣∩.∩♣♣♣♣.>.........
#...##...♣♣♣♣.♣♣♣♣..#.........
#...##.##..♣♣.♣♣..............
#...##.###....................
#...#..# ###........#.##....##
#.....## ##.####.............


There were no monsters in sight!

Vanquished Creatures
  2 ancient liches
  5 dread liches
  9 orbs of fire
  3 Killer Klowns (Zot:5)
  Boris (twice) (Vaults:3 Vaults:4)
  Sojobo (Vaults:2)
  the Lernaean hydra (Swamp:4)
  Vv (Depths:4)
  2 curse toes
  Saint Roka (Depths:2)
  8 golden dragons
  2 bone dragons
  the Enchantress (Depths:1)
  2 electric golems (Zot:5)
  18 tentacled monstrosities
  Jorgrun (Swamp:3)
  Mlioglotl (Arena)
  4 liches
  The ghost of Discosetron the Crack Shot, an adept DsHu of Hepliaklqana (Elf:3)
  25 Orb Guardians
  13 quicksilver dragons
  Asterion (Snake:1)
  3 deep elf blademasters
  3 titans
  4 deep elf master archers (Elf:3)
  8 death cobs
  The ghost of PeterLawrence the Slayer, an adept MiFi of Okawaru (Snake:4)
  23 storm dragons
  6 sphinxes
  The ghost of mopl the Fencer, an adept MfBe of Trog (Snake:4)
  Agnes (Snake:1)
  Gastronok (D:9)
  10 tengu reavers
  3 nagarajas
  A thorn hunter (Swamp:3)
  7 draconian monks
  9 shadow dragons
  Donald (Swamp:4)
  5 draconian knights
  6 fire giants
  2 iron dragons
  A fire giant (shapeshifter) (Vaults:5)
  20 vault wardens
  4 orc warlords
  7 deep elf sorcerers
  10 frost giants
  A draconian shifter (Zot:5)
  Aizul (Snake:1)
  2 balrugs
  2 cacodemons (Elf:3)
  4 ghost moths
  A curse skull (Vaults:2)
  9 deep elf elementalists (Elf:3)
  5 draconian stormcallers
  7 draconian scorchers
  2 draconian annihilators (Zot:4)
  An angel (Zot:5)
  Louise (Swamp:3)
  5 spriggan defenders
  A broodmother (shapeshifter) (Depths:3)
  A quicksilver ooze (shapeshifter) (Vaults:5)
  18 ironbound preservers
  2 war gargoyles
  2 vampire knights
  39 very ugly things
  A reaper (Zot:5)
  4 ironbound thunderhulks (Vaults:4)
  13 stone giants
  3 demonspawn black suns (Zot:2)
  4 deep elf demonologists
  An entropy weaver (shapeshifter) (Vaults:5)
  7 green draconians
  6 black draconians
  4 dire elephants
  3 entropy weavers
  4 eleionomae
  8 red draconians
  12 purple draconians
  A bunyip (Swamp:1)
  9 deep elf annihilators
  9 white draconians
  Azrael (D:12)
  12 spark wasps
  A deep elf death mage (Elf:1)
  7 yellow draconians
  8 ettins
  Josephine (Lair:5)
  7 fire dragons
  4 great orbs of eyes
  17 yaktaur captains
  4 deep elf high priests
  A peacekeeper (Vaults:1)
  2 hell beasts (D:13)
  14 ice dragons
  27 hydras
  6 boulder beetles
  37 vault guards
  6 rakshasas
  7 anacondas
  4 spriggan air magi
  9 salamander tyrants
  A ghost crab (Swamp:4)
  19 centaur warriors
  An anaconda (shapeshifter) (Depths:2)
  7 two-headed ogres
  7 ironbound frosthearts
  2 ogre magi (Vaults:5)
  2 catoblepae
  12 naga warriors
  9 alligators
  23 dancing weapons
  10 deep troll shamans
  11 deep troll earth magi
  13 death yaks
  A vampire mage (Depths:3)
  4 orc high priests
  7 tengu warriors
  17 naga sharpshooters
  9 spriggan berserkers
  6 shock serpents (Snake:4)
  A soul eater (Depths:2)
  Nergalle (D:11)
  17 deep elf knights
  18 hell knights
  2 sun demons (Depths:1)
  The ghost of Bulla the Shield-Bearer, a novice MiFi of Okawaru (D:7)
  A fire crab (shapeshifter) (Vaults:1)
  A sea snake (shapeshifter) (Vaults:5)
  10 iron trolls
  44 deep trolls
  9 naga ritualists
  3 glowing orange brains
  5 salamander mystics
  2 sea snakes (Snake:4)
  4 flayed ghosts
  13 bog bodies
  3 spriggan druids
  11 swamp dragons
  15 deep elf archers
  A shadow demon (D:8)
  5 goliath frogs
  31 deep elf pyromancers
  5 necromancers
  12 ironbound convokers
  9 wizards
  11 lindwurms
  6 harpies
  An oklob plant (D:7)
  2 phantasmal warriors (Vaults:5)
  6 orc knights
  23 deep elf zephyrmancers
  A wolf spider (D:12)
  A mana viper (shapeshifter) (Elf:3)
  4 orc sorcerers
  50 ugly things
  16 mana vipers
  The ghost of Sapher the Digger, a novice MeEE of Kikubaaqudgha (D:12)
  4 manticores
  31 moths of wrath
  5 will-o-the-wisps
  15 elephants
  17 salamanders
  A manticore (shapeshifter) (D:13)
  30 black mambas
  3 cyclopes
  Joseph (D:9)
  20 vault sentinels
  5 guardian serpents
  19 naga magi
  4 smoke demons
  A torpor snail (Lair:5)
  13 cane toads
  Maggie (D:7)
  A cane toad (shapeshifter) (Vaults:5)
  An unseen horror (shapeshifter) (Elf:3)
  A rime drake (shapeshifter) (Elf:3)
  A gargoyle (D:12)
  An unseen horror (D:10)
  12 rime drakes
  48 yaktaurs
  2 freezing wraiths
  2 ice devils (Lair:3)
  12 komodo dragons
  2 efreet
  5 tengu conjurers
  3 hellwings
  An entropy weaver simulacrum (Lair:3)
  A bloated husk (Swamp:2)
  6 trolls
  4 polar bears
  5 hornets
  9 tyrant leeches
  19 blink frogs
  Grinder (D:5)
  30 slime creatures
  A dream sheep (shapeshifter) (Elf:3)
  A culicivora (shapeshifter) (Vaults:5)
  A tarantella (shapeshifter) (Elf:3)
  A culicivora (Vaults:2)
  2 air elementals (Elf:1)
  11 spriggans
  6 wraiths
  A shadow (D:12)
  10 wyverns
  A vampire (D:12)
  7 fire elementals
  A jumping spider (Vaults:4)
  44 yaks
  7 water elementals
  8 basilisks
  The ghost of Andromeda the Chopper, an amateur HOFi of Xom (D:3)
  3 redbacks
  A steam dragon (D:7)
  7 vampire mosquitoes
  A death yak simulacrum (Lair:3)
  A swamp worm (shapeshifter) (Vaults:3)
  A harpy simulacrum (Lair:3)
  42 nagas
  14 swamp worms
  2 wargs (Orc:2)
  3 acid dragons
  11 water moccasins
  4 hell hounds
  A floating eye (shapeshifter) (Vaults:5)
  2 ice beasts
  5 black bears
  14 swamp drakes
  A sky beast (shapeshifter) (Elf:3)
  2 sky beasts (D:7)
  6 ogres
  41 orc warriors
  A tengu (shapeshifter) (Elf:3)
  20 wolves
  A boggart (Elf:1)
  A phantom (D:7)
  18 centaurs
  2 kobold brigands
  5 bullfrogs
  6 earth elementals
  2 necrophages
  3 scorpions
  10 wights
  16 killer bees
  4 electric eels (Snake:4)
  6 howler monkeys
  14 orc priests
  6 hounds
  A hound (shapeshifter) (Depths:1)
  3 jellies
  2 gnoll boudas (D:7)
  Ijyb (D:4)
  An iguana (D:6)
  31 orc wizards
  2 hell rats (D:14)
  A troll simulacrum (Lair:3)
  3 spriggan simulacra (Lair:3)
  A wolf simulacrum (Lair:3)
  Robin (D:4)
  A gnoll (shapeshifter) (Elf:3)
  12 adders
  10 gnolls
  4 river rats (D:7)
  A shadow imp (D:5)
  2 white imps
  An ufetubus (D:5)
  4 worms
  3 dart slugs
  84 orcs
  8 endoplasms
  5 giant cockroaches
  20 goblins
  10 hobgoblins
  12 jackals
  17 kobolds
  5 quokkas
  10 ball pythons
  10 bats
  2 frilled lizards
  4 rats
2105 creatures vanquished.

Vanquished Creatures (others)
  A draconian knight (Zot:4)
  2 white draconians
  An ettin (Depths:2)
  2 deep elf knights
  A wizard (Elf:1)
  A naga mage (Snake:4)
  A bloated husk (Swamp:3)
  A slime creature (Vaults:3)
  A sky beast (shapeshifter) (Elf:3)
  3 bushes (Lair:5)
  2 demonic plants (D:1)
  19 foxfires
  24 fungi
  69 plants
128 creatures vanquished.

Grand Total: 2233 creatures vanquished

Notes
Turn   | Place    | Note
-------+----------+-------------------------------------------
     0 | D:1      | khekkus the Hill Orc Fighter began the quest for the Orb.
     0 | D:1      | Reached XP level 1. HP: 19/19 MP: 1/1
    32 | D:1      | Reached skill level 3 in Axes
    96 | D:1      | Reached XP level 2. HP: 26/26 MP: 2/2
   108 | D:1      | Reached skill level 4 in Axes
   388 | D:1      | Reached XP level 3. HP: 31/31 MP: 3/3
   607 | D:1      | Reached skill level 5 in Axes
   745 | D:1      | Found a faded altar of an unknown god.
   745 | D:1      | Noticed a chaos spawn
  1115 | D:2      | Reached XP level 4. HP: 39/39 MP: 4/4
  1229 | D:2      | Identified the +12 plate armour of Gestures {rElec rF+
                  | Int+2 Dex+6}
  1368 | D:2      | Reached skill level 1 in Throwing
  1658 | D:2      | Reached skill level 6 in Axes
  1801 | D:3      | Noticed a scorpion
  1811 | D:3      | Killed a scorpion
  1812 | D:3      | Reached XP level 5. HP: 45/45 MP: 5/5
  1842 | D:3      | Found Saob's Antique Armour Shop.
  2007 | D:3      | Noticed Andromeda's ghost (amateur HOFi)
  2020 | D:3      | Found a runed translucent door.
  2336 | D:3      | Reached XP level 6. HP: 51/51 MP: 6/6
  2354 | D:3      | Reached skill level 7 in Axes
  2814 | D:4      | Found Ezxyrgh's General Store.
  2816 | D:4      | Found Honwubal's Assorted Antiques.
  2828 | D:4      | Found Gedal's Book Emporium.
  2829 | D:4      | Found Noaxkax's Weapon Emporium.
  2835 | D:4      | Bought a scroll of identify for 26 gold pieces
  2965 | D:4      | Noticed Robin
  2989 | D:4      | Killed Robin
  3025 | D:4      | Noticed Ijyb
  3038 | D:4      | Killed Ijyb
  3238 | D:4      | Reached skill level 8 in Axes
  3265 | D:5      | Entered Level 5 of the Dungeon
  3273 | D:5      | Noticed a water moccasin
  3283 | D:5      | Killed a water moccasin
  3284 | D:5      | Reached XP level 7. HP: 53/58 MP: 7/7
  3367 | D:5      | Noticed Grinder
  3375 | D:5      | Killed Grinder
  3376 | D:5      | Reached skill level 1 in Evocations
  3663 | D:5      | Found a staircase to the Ecumenical Temple.
  3677 | Temple   | Entered the Ecumenical Temple
  3714 | Temple   | Became a worshipper of Warmaster Okawaru
  4054 | D:5      | Reached XP level 8. HP: 44/67 MP: 8/8
  4245 | D:5      | Reached * piety under Okawaru
  4246 | D:5      | Reached skill level 5 in Fighting
  4246 | D:5      | Reached skill level 9 in Axes
  4553 | D:6      | Found a broken altar of Ashenzari.
  4554 | D:6      | Found a stormy altar of Qazlal.
  4555 | D:6      | Found an opulent altar of Gozag.
  4556 | D:6      | Found a bloodstained altar of Trog.
  4666 | D:6      | Reached skill level 5 in Armour
  4666 | D:6      | Reached skill level 5 in Shields
  4961 | D:6      | Noticed a two-headed ogre
  4961 | D:6      | Noticed a kobold demonologist
  5075 | D:6      | Reached ** piety under Okawaru
  5076 | D:6      | Reached XP level 9. HP: 69/75 MP: 9/9
  5261 | D:7      | Noticed Bulla's ghost (novice MiFi)
  5269 | D:7      | Noticed an oklob plant
  5281 | D:7      | Found a transporter.
  5283 | D:7      | Found a transporter.
  5421 | D:7      | Found a glowing golden altar of the Shining One.
  5421 | D:7      | Noticed Maggie
  5445 | D:7      | Killed Maggie
  5446 | D:7      | Reached skill level 10 in Axes
  5689 | D:7      | Found a broken altar of Ashenzari.
  5695 | D:7      | Reached skill level 1 in Invocations
  5854 | D:7      | Reached *** piety under Okawaru
  5941 | D:7      | Received a gift from Okawaru
  6313 | D:3      | Killed Andromeda's ghost
  6314 | D:3      | Reached skill level 5 in Evocations
  6453 | D:8      | Noticed a hornet
  6461 | D:8      | Killed a hornet
  6462 | D:8      | Reached XP level 10. HP: 85/86 MP: 12/12
  6556 | D:8      | Reached **** piety under Okawaru
  6701 | D:8      | Noticed a two-headed ogre
  6713 | D:8      | Killed a two-headed ogre
  6714 | D:8      | Reached skill level 11 in Axes
  6870 | D:8      | Found a staircase to the Lair.
  6877 | D:8      | Reached skill level 5 in Invocations
  7388 | D:8      | Found a basalt altar of Yredelemnul.
  7630 | Lair:1   | Entered Level 1 of the Lair of Beasts
  7630 | Lair:1   | Noticed a cane toad
  7635 | Lair:1   | Killed a cane toad
  7869 | Lair:1   | Reached ***** piety under Okawaru
  8018 | Lair:1   | Noticed a cane toad
  8025 | Lair:1   | Killed a cane toad
  8176 | Lair:1   | Identified the +7 long sword of Nunoete {vorpal, rC- SInv
                  | Stlth+}
  8213 | Lair:1   | Noticed a four-headed hydra
  8221 | Lair:1   | Killed a one-headed hydra
  8222 | Lair:1   | Reached skill level 12 in Axes
  8222 | Lair:1   | Reached XP level 11. HP: 95/95 MP: 15/15
  8851 | Lair:1   | Received a gift from Okawaru
  9163 | Lair:2   | Noticed a seven-headed hydra
  9281 | Lair:2   | Killed a three-headed hydra
  9281 | Lair:2   | Reached ****** piety under Okawaru
  9281 | Lair:2   | Received a gift from Okawaru
  9282 | Lair:2   | Reached skill level 13 in Axes
  9461 | Lair:2   | Found a staircase to the Snake Pit.
  9849 | Lair:2   | Found a staircase to the Swamp.
 10387 | Lair:2   | Reached XP level 12. HP: 82/105 MP: 10/18
 10545 | Lair:2   | Received a gift from Okawaru
 10923 | Lair:3   | Reached skill level 14 in Axes
 11217 | D:3      | Bought a pair of ancient gloves for 304 gold pieces
 11217 | D:3      | Identified the +2 pair of gloves of the Postmodern Gods
                  | {Int+2} (You bought it in a shop on level 3 of the Dungeon)
 11511 | Lair:3   | Noticed a death yak
 11513 | Lair:3   | Reached skill level 10 in Fighting
 11579 | Lair:3   | Received a gift from Okawaru
 11592 | Lair:3   | Reached skill level 10 in Invocations
 11604 | Lair:3   | Killed a death yak
 12464 | Lair:3   | Reached XP level 13. HP: 106/113 MP: 20/20
 12554 | Lair:3   | Reached skill level 5 in Throwing
 12931 | Lair:4   | Identified the +10 short sword of Setaih {elec, rN+}
 13145 | Lair:4   | Reached skill level 15 in Axes
 13376 | Lair:4   | Received a gift from Okawaru
 13479 | Lair:4   | Found a staircase to the Slime Pits.
 13947 | Lair:5   | Entered Level 5 of the Lair of Beasts
 13958 | Lair:5   | Received a gift from Okawaru
 14411 | Lair:4   | Reached skill level 10 in Shields
 14496 | Lair:5   | Reached skill level 10 in Armour
 14882 | Lair:5   | Identified the +4 chain mail "Amyepn" {rC+} (Okawaru gifted
                  | it to you on level 5 of the Lair of Beasts)
 14882 | Lair:5   | Received a gift from Okawaru
 15119 | Lair:4   | Reached skill level 16 in Axes
 15141 | Lair:4   | Reached XP level 14. HP: 124/124 MP: 23/23
 15323 | Lair:5   | Noticed Josephine
 15332 | Lair:5   | Killed Josephine
 15635 | Lair:5   | Noticed a dire elephant
 15651 | Lair:5   | Killed a dire elephant
 15660 | Lair:5   | Received a gift from Okawaru
 15962 | D:9      | Noticed Joseph
 15962 | D:9      | Noticed Gastronok
 15995 | D:9      | Killed Joseph
 16003 | D:9      | Killed Gastronok
 16048 | D:9      | Found an ornate altar of the Wu Jian Council.
 16053 | D:9      | Received a gift from Okawaru
 16346 | D:9      | Found a glowing silver altar of Zin.
 16658 | D:10     | Entered Level 10 of the Dungeon
 16734 | D:10     | Identified the +5 dagger of Vustraac {protect, rElec Will+
                  | Str-3}
 16916 | D:10     | Received a gift from Okawaru
 17139 | D:10     | Found a staircase to the Orcish Mines.
 17250 | D:11     | Reached skill level 17 in Axes
 17280 | D:11     | Noticed Nergalle
 17294 | D:11     | Killed Nergalle
 17632 | D:11     | Identified the +0 leather armour of Roihitag {Regen+}
 17935 | Orc:1    | Entered Level 1 of the Orcish Mines
 17965 | Orc:1    | Identified the +2 hat of Valiance {Int+2 Slay+3} (Okawaru
                  | gifted it to you on level 1 of the Orcish Mines)
 17965 | Orc:1    | Received a gift from Okawaru
 18162 | Orc:2    | Entered Level 2 of the Orcish Mines
 18190 | Orc:2    | Noticed an orc warlord
 18207 | Orc:2    | Killed an orc warlord
 18228 | Orc:2    | Noticed an orc warlord
 18294 | Orc:2    | Killed an orc warlord
 18369 | Orc:2    | Reached XP level 15. HP: 132/132 MP: 25/25
 18444 | Orc:2    | Found a staircase to the Elven Halls.
 18625 | Orc:1    | Found a transporter.
 18626 | Orc:1    | Found an ornate altar of the Wu Jian Council.
 18626 | Orc:1    | Noticed an orc warlord
 18669 | Orc:1    | Noticed an orc warlord
 18683 | Orc:1    | Killed an orc warlord
 18698 | Orc:1    | Found an ornate altar of the Wu Jian Council.
 18698 | Orc:1    | Found a transporter.
 18785 | Orc:1    | Found a transporter.
 18792 | Orc:1    | Found a transporter.
 18875 | Orc:1    | Killed an orc warlord
 19095 | Orc:2    | Found Hotahefo's General Store.
 19095 | Orc:2    | Found Qeikk's Weapon Boutique.
 19114 | Orc:2    | Found Ynel's General Store.
 19114 | Orc:2    | Found Oriusk's Antique Armour Emporium.
 19140 | Orc:2    | Bought an ichor-stained chain mail for 294 gold pieces
 19140 | Orc:2    | Identified the +5 chain mail "Vets" {Str+5} (You bought it
                  | in a shop on level 2 of the Orcish Mines)
 19144 | Orc:2    | Bought the +0 pair of gloves "Oroegael" {Dex+2} for 251
                  | gold pieces
 19849 | D:12     | Noticed Sapher's ghost (novice MeEE)
 19866 | D:12     | Reached skill level 18 in Axes
 19985 | D:12     | Reached skill level 15 in Invocations
 20044 | D:12     | Found a gate leading to a gauntlet.
 20087 | D:12     | Noticed Azrael
 20097 | D:12     | Killed Azrael
 20098 | D:12     | Reached skill level 1 in Dodging
 20133 | D:12     | Found a transporter.
 20180 | D:12     | Found a transporter.
 20563 | D:7      | Killed Bulla's ghost
 20563 | D:7      | Received a gift from Okawaru
 20890 | D:13     | Found a gate to the Vaults.
 21610 | D:13     | Received a gift from Okawaru
 22285 | D:14     | Identified a scroll of acquirement
 22286 | D:14     | Acquired the +2 pair of boots "Zioch" {rPois}
 22416 | D:14     | Reached XP level 16. HP: 125/143 MP: 27/27
 22809 | D:14     | Identified the +2 plate armour of the Imbibing Gods {-Cast
                  | rF+ Slay+2} (Okawaru gifted it to you on level 14 of the
                  | Dungeon)
 22809 | D:14     | Received a gift from Okawaru
 23413 | D:15     | Entered Level 15 of the Dungeon
 23766 | D:15     | Reached skill level 10 in Evocations
 23780 | D:15     | Found a staircase to the Depths.
 24411 | Snake:1  | Entered Level 1 of the Snake Pit
 24417 | Snake:1  | Noticed Aizul
 24434 | Snake:1  | Killed Aizul
 24644 | Snake:1  | Noticed Asterion
 24659 | Snake:1  | Killed Asterion
 24659 | Snake:1  | Received a gift from Okawaru
 24727 | Snake:1  | Noticed Agnes
 24733 | Snake:1  | Killed Agnes
 24973 | Snake:1  | Reached XP level 17. HP: 149/152 MP: 29/29
 25706 | Snake:2  | Found a transporter.
 25738 | Snake:2  | Found a radiant altar of Vehumet.
 25769 | Snake:2  | Received a gift from Okawaru
 25863 | Snake:2  | Found a glowing golden altar of the Shining One.
 26032 | Snake:2  | Reached skill level 5 in Dodging
 26129 | Snake:2  | Found Mivaew's Antique Weapon Shoppe.
 26162 | Snake:2  | Identified the +9 hand axe of Irritation {spect, Stlth+}
                  | (Okawaru gifted it to you on level 2 of the Snake Pit)
 26162 | Snake:2  | Received a gift from Okawaru
 26200 | Snake:2  | Found Wuobyl's Magic Scroll Shoppe.
 26203 | Snake:2  | Bought a scroll of enchant weapon for 112 gold pieces
 26370 | Snake:2  | Found Arive's Antique Armour Boutique.
 26378 | Snake:2  | Bought a glowing cloak for 232 gold pieces
 26378 | Snake:2  | Bought a bloodstained chain mail for 294 gold pieces
 26378 | Snake:2  | Identified the +1 chain mail of Sunlight {rElec Dex+4} (You
                  | bought it in a shop on level 2 of the Snake Pit)
 27685 | Snake:4  | Entered Level 4 of the Snake Pit
 28011 | Snake:4  | Found a runed translucent gate.
 28014 | Snake:4  | Found a runed translucent gate.
 28023 | Snake:4  | Received a gift from Okawaru
 28227 | Snake:4  | Noticed a quicksilver dragon
 28242 | Snake:4  | Killed a quicksilver dragon
 28323 | Snake:4  | Noticed a quicksilver dragon
 28343 | Snake:4  | Killed a quicksilver dragon
 28408 | Snake:4  | Received a gift from Okawaru
 28420 | Snake:4  | Reached skill level 15 in Fighting
 28423 | Snake:4  | Reached XP level 18. HP: 124/163 MP: 30/30
 28504 | Snake:4  | Got a serpentine rune of Zot
 28708 | Snake:4  | Received a gift from Okawaru
 28755 | Snake:4  | Found Jugraiwk's Weapon Shoppe.
 28973 | Snake:4  | Found a runed translucent gate.
 28973 | Snake:4  | Noticed PeterLawrence's ghost (adept MiFi)
 29055 | Snake:4  | Noticed mopl's ghost (adept MfBe)
 29073 | Snake:4  | Killed PeterLawrence's ghost
 29091 | Snake:4  | Killed mopl's ghost
 29304 | Swamp:1  | Entered Level 1 of the Swamp
 29342 | Swamp:1  | Identified the +8 long sword "Ogreslayer" {vorpal, *Rage
                  | Str+2 Int+2}
 30386 | Swamp:2  | Identified the +1 great sword of Mayhem {vorpal, Int+2}
 30532 | Swamp:2  | Identified the +1 leather armour of the Great Game {rC-
                  | rCorr Int+3}
 31118 | Swamp:3  | Noticed Jorgrun
 31136 | Swamp:3  | Killed Jorgrun
 31137 | Swamp:3  | Reached skill level 19 in Axes
 31245 | Swamp:3  | Noticed Louise
 31272 | Swamp:3  | Killed Louise
 31614 | Swamp:4  | Entered Level 4 of the Swamp
 31634 | Swamp:4  | Received a gift from Okawaru
 31705 | Swamp:4  | Noticed Donald
 31718 | Swamp:4  | Killed Donald
 31973 | Swamp:4  | Received a gift from Okawaru
 32104 | Swamp:4  | Reached XP level 19. HP: 172/172 MP: 32/32
 32113 | Swamp:4  | Noticed the 27-headed Lernaean hydra
 32128 | Swamp:4  | Killed the 23-headed Lernaean hydra
 32227 | Swamp:4  | Got a decaying rune of Zot
 32276 | Swamp:4  | Reached skill level 15 in Armour
 32289 | Swamp:4  | Noticed Mlioglotl
 32295 | Arena    | Entered the Arena
 32305 | Arena    | Killed Mlioglotl
 32395 | Swamp:4  | Reached skill level 15 in Shields
 32983 | Depths:1 | Entered Level 1 of the Depths
 33063 | Depths:1 | Found a runed translucent gate.
 33154 | Depths:1 | Found a runed translucent gate.
 33154 | Depths:1 | Found a runed translucent gate.
 33371 | Depths:1 | Identified the +9 long sword of Gudgh {freeze, Str+4 Int-4}
 33594 | Depths:1 | Found a gateway to Hell.
 33633 | Depths:1 | Identified the +1 robe of Zemec {rCorr Str+3 Int-2 Dex+9}
 33917 | Depths:1 | Paralysed by a vampire knight for 4 turns
 34066 | Depths:1 | Received a gift from Okawaru
 34067 | Depths:1 | Noticed the Enchantress
 34093 | Depths:1 | Killed the Enchantress
 34222 | Depths:1 | Found the +0 pair of fencer's gloves {Riposte Dex+3}
 34437 | D:12     | Killed Sapher's ghost
 34670 | Depths:2 | Noticed Saint Roka
 34695 | Depths:2 | Killed Saint Roka
 34779 | Depths:2 | Noticed a golden dragon
 34793 | Depths:2 | Reached skill level 20 in Axes
 34798 | Depths:2 | Killed a golden dragon
 34998 | Depths:2 | Reached XP level 20. HP: 183/183 MP: 33/33
 35182 | Depths:2 | Received a gift from Okawaru
 35243 | Depths:2 | Paralysed by a vampire knight for 5 turns
 35301 | Depths:2 | Received a gift from Okawaru
 35397 | Depths:2 | Found a shimmering altar of Xom.
 35477 | Depths:2 | Found a flickering gateway to a bazaar.
 35648 | Bazaar   | Entered a bazaar
 35648 | Bazaar   | Found Xissum's Antique Weapon Shoppe.
 35662 | Bazaar   | Found Iveutadgh's Weapon Shop.
 35670 | Bazaar   | Found Coviph's Distillery.
 35678 | Bazaar   | Bought a potion of experience for 900 gold pieces
 35702 | Bazaar   | Found Zafeumuv's Antique Weapon Shoppe.
 35744 | Bazaar   | Bought a potion of cancellation for 144 gold pieces
 35744 | Bazaar   | Bought a potion of cancellation for 144 gold pieces
 35744 | Bazaar   | Bought a potion of haste for 180 gold pieces
 35744 | Bazaar   | Bought a potion of haste for 180 gold pieces
 35744 | Bazaar   | Reached XP level 21. HP: 192/192 MP: 34/34
 35833 | Depths:2 | Found a one-way gate leading to the halls of Pandemonium.
 36007 | Depths:2 | Received a gift from Okawaru
 36989 | Depths:3 | Found a one-way gateway to a ziggurat.
 37019 | Depths:3 | Found a one-way gate to the infinite horrors of the Abyss.
 37223 | Depths:3 | Found a transporter.
 37340 | Depths:3 | Reached skill level 21 in Axes
 37340 | Depths:3 | Reached XP level 22. HP: 168/202 MP: 36/36
 37831 | Snake:2  | Identified the +1 chain mail of the Great Game {rC- Will+
                  | Str+4} (Okawaru gifted it to you on level 2 of the Snake
                  | Pit)
 37831 | Snake:2  | Received a gift from Okawaru
 37965 | Snake:2  | Found a transporter.
 38687 | Depths:3 | Found a transporter.
 38837 | Depths:3 | Identified the ring "Azxuz" {Fly Str+4}
 38848 | Depths:3 | Identified the amulet of the Priest {Reflect Str+2 SH+5}
 38928 | Depths:4 | Entered Level 4 of the Depths
 39625 | Depths:4 | Noticed Vv
 39648 | Depths:4 | Killed Vv
 39776 | Depths:4 | Found a gate to the Realm of Zot.
 40115 | Depths:4 | Received a gift from Okawaru
 40599 | Depths:4 | Reached skill level 15 in Evocations
 41307 | Vaults:1 | Entered Level 1 of the Vaults
 41355 | Vaults:1 | Received a gift from Okawaru
 42453 | Vaults:2 | Found Kaaff's Book Emporium.
 42491 | Vaults:2 | Received a gift from Okawaru
 42495 | Vaults:2 | Reached XP level 23. HP: 213/213 MP: 37/37
 42621 | Vaults:2 | Paralysed by a great orb of eyes for 5 turns
 43265 | Vaults:2 | Found a staircase to the Crypt.
 43345 | Vaults:2 | Received a gift from Okawaru
 44218 | Vaults:3 | Noticed Boris
 44238 | Vaults:3 | Killed Boris
 44442 | Vaults:3 | Identified the +5 arbalest of the Silent Majority {penet,
                  | Int+4}
 44711 | Vaults:3 | Noticed Sojobo
 44881 | Vaults:2 | Killed Sojobo
 44914 | Vaults:3 | Received a gift from Okawaru
 44916 | Vaults:3 | Paralysed by a floating eye for 3 turns
 46105 | Vaults:4 | Identified the +5 glaive "Hurho" {venom, Int+2}
 46208 | Vaults:4 | Received a gift from Okawaru
 46375 | Vaults:4 | Identified the quicksilver dragon scales "Wuoph" {Will+
                  | Str+4 Int+6} (Okawaru gifted it to you on level 4 of the
                  | Vaults)
 46375 | Vaults:4 | Received a gift from Okawaru
 46376 | Vaults:4 | Reached XP level 24. HP: 224/224 MP: 38/38
 48024 | Vaults:4 | Got Kelegosk's Enchiridion on Impurities and Pyromania
 48429 | Vaults:5 | Entered Level 5 of the Vaults
 48453 | Vaults:5 | Noticed Boris
 48621 | Vaults:4 | Killed Boris
 49018 | Vaults:5 | Noticed a dread lich
 49047 | Vaults:5 | Killed a dread lich
 49047 | Vaults:5 | Identified the +1 robe of Piach {rF- rC+++ Regen+ Int-2}
                  | (Okawaru gifted it to you on level 5 of the Vaults)
 49047 | Vaults:5 | Received a gift from Okawaru
 49067 | Arena    | Entered the Arena
 50202 | Vaults:5 | Noticed an ancient lich
 50211 | Vaults:5 | Killed an ancient lich
 50234 | Vaults:5 | Got a silver rune of Zot
 50409 | Vaults:5 | Noticed a dread lich
 50421 | Vaults:5 | Noticed a dread lich
 50425 | Vaults:5 | Killed a dread lich
 50434 | Vaults:5 | Killed a dread lich
 50435 | Vaults:5 | Reached XP level 25. HP: 231/234 MP: 33/38
 50514 | Vaults:5 | Identified the +1 leather armour of the True Pharaoh {Harm}
 50712 | Vaults:5 | Identified the +3 halberd of Ru's Supremacy {vorpal, rF++
                  | rCorr Str+3 Dex-4}
 51141 | Vaults:5 | Got the Quarto of the Shivering Dead
 51142 | Vaults:5 | Identified the +1 scale mail of Tomorrow {rC+ Str-2 Int+7}
 51177 | Vaults:5 | Reached skill level 22 in Axes
 51674 | Elf:1    | Entered Level 1 of the Elven Halls
 51698 | Elf:1    | Identified the +4 ring mail "Inni" {Dex+4} (Okawaru gifted
                  | it to you on level 1 of the Elven Halls)
 51698 | Elf:1    | Received a gift from Okawaru
 51839 | Elf:1    | Found Dunwasma's Armour Shop.
 52475 | Elf:1    | Paralysed by an air elemental for 1 turns
 52606 | Elf:1    | Paralysed by an air elemental for 1 turns
 53285 | Elf:2    | Identified the +3 sling of Shame {speed, Fly rF- rN+ Dex+7}
 53427 | Elf:2    | Found a runed translucent gate.
 53428 | Elf:2    | Found a runed translucent gate.
 53428 | Elf:2    | Found a runed translucent gate.
 54408 | Elf:3    | Entered Level 3 of the Elven Halls
 54476 | Elf:3    | Found Amiushra's Jewellery Emporium.
 54624 | Elf:3    | Found a runed translucent gate.
 54624 | Elf:3    | Found a runed translucent gate.
 54624 | Elf:3    | Found a runed translucent gate.
 54773 | Elf:3    | Found a runed translucent gate.
 54773 | Elf:3    | Found a runed translucent gate.
 54781 | Elf:3    | Found a runed translucent gate.
 54781 | Elf:3    | Noticed Discosetron's ghost (adept DsHu)
 54813 | Elf:3    | Killed Discosetron's ghost
 54839 | Elf:3    | Learned a level 1 spell: Apportation
 54850 | Elf:3    | Reached XP level 26. HP: 235/246 MP: 35/39
 55325 | Elf:3    | Received a gift from Okawaru
 55339 | Elf:3    | Reached XP level 27. HP: 184/254 MP: 35/39
 55621 | Elf:3    | Received a gift from Okawaru
 55822 | Elf:3    | Identified the +6 war axe "Arepse" {vorpal, Will+ Dex+3}
 55985 | Elf:3    | Identified the +8 broad axe of Simual {freeze, Str+3}
 56089 | Elf:3    | Found the ring of the Octopus King {HP+2 MP+9 AC+2 EV+2
                  | SH+2}
 56096 | Elf:3    | Identified the +10 quarterstaff "Impslayer" {vorpal, rPois}
 56096 | Elf:3    | Identified the +3 scale mail "Nazikh" {+Inv rPois rC+
                  | Str-3}
 56259 | Elf:3    | Identified the +9 mace "Daqatitz" {flame, *Noise Int+4}
 56309 | Elf:3    | Identified the +1 cloak of Kleptomania {rC+ Dex+2}
 56327 | Elf:3    | Identified the +1 hand crossbow "Meel" {venom, rPois
                  | Will++}
 56903 | Elf:3    | Bought the ring "Riefiden" {rElec rN++ MP-9 Str+6} for 624
                  | gold pieces
 57355 | Crypt:1  | Entered Level 1 of the Crypt
 57899 | Zot:1    | Entered Level 1 of the Realm of Zot
 58732 | Zot:1    | Reached skill level 23 in Axes
 59701 | Zot:2    | Noticed an orb of fire
 59708 | Zot:2    | Gained mutation: Your magical capacity is low. (-10% MP)
                  | [an orb of fire]
 59717 | Zot:2    | Killed an orb of fire
 60450 | Zot:2    | Noticed an orb of fire
 60459 | Zot:2    | Gained mutation: You occasionally lose the ability to drink
                  | potions when taking damage. [an orb of fire]
 60466 | Zot:2    | Gained mutation: Armour fits poorly on your strangely
                  | shaped body. [an orb of fire]
 60480 | Zot:2    | Gained mutation: You are frail. (-10% HP) [an orb of fire]
 60482 | Zot:2    | Killed an orb of fire
 60499 | Zot:2    | Identified the +1 hat of Exclusion {*Slow rPois Int+6}
                  | (Okawaru gifted it to you on level 2 of the Realm of Zot)
 60499 | Zot:2    | Received a gift from Okawaru
 60586 | Zot:2    | Identified the +7 short sword of Spite {drain, rF+ SInv}
 60744 | Zot:3    | Found a transporter.
 60744 | Zot:3    | Found a transporter.
 60757 | Zot:3    | Found the brooch of Shielding {Spirit SH+8}
 61020 | Zot:3    | Found a transporter.
 61022 | Zot:3    | Found a transporter.
 61037 | Zot:3    | Found a transporter.
 61840 | Zot:3    | Reached skill level 24 in Axes
 62092 | Zot:3    | Identified the +0 pair of boots of the Trees {rC+ Str-4
                  | Dex+5}
 62118 | Zot:3    | Identified the ring of Okawaru's Esteem {*Slow rPois Int+2
                  | Dex+4 Stlth+}
 62418 | Zot:4    | Reached skill level 10 in Dodging
 62529 | Zot:4    | Received a gift from Okawaru
 64367 | Zot:5    | Entered Level 5 of the Realm of Zot
 65001 | Zot:5    | Noticed an orb of fire
 65011 | Zot:5    | Killed an orb of fire
 65012 | Zot:5    | Reached skill level 25 in Axes
 65016 | Zot:5    | Noticed an orb of fire
 65021 | Zot:5    | Gained mutation: You are very frail. (-20% HP) [an orb of
                  | fire]
 65025 | Zot:5    | Gained mutation: Your body sometimes deteriorates upon
                  | taking damage. [an orb of fire]
 65032 | Zot:5    | Gained mutation: You sometimes lose the ability to drink
                  | potions when taking damage. [an orb of fire]
 65033 | Zot:5    | Killed an orb of fire
 65036 | Zot:5    | Noticed an orb of fire
 65055 | Zot:5    | Gained mutation: You are extremely frail. (-30% HP) [an orb
                  | of fire]
 65056 | Zot:5    | Killed an orb of fire
 65061 | Zot:5    | Noticed an orb of fire
 65071 | Zot:5    | Killed an orb of fire
 65072 | Zot:5    | Noticed a dread lich
 65504 | Zot:4    | Killed a dread lich
 65548 | Zot:5    | Noticed an orb of fire
 65555 | Zot:5    | Gained mutation: You are dopey. (Int -2) [an orb of fire]
 65556 | Zot:5    | Gained mutation: You occasionally shout uncontrollably at
                  | your foes. [an orb of fire]
 65562 | Zot:5    | Gained mutation: Your magical capacity is very low. (-20%
                  | MP) [an orb of fire]
 65564 | Zot:5    | Killed an orb of fire
 65580 | Zot:5    | Received a gift from Okawaru
 65968 | Zot:5    | Noticed a dread lich
 65977 | Zot:5    | Killed a dread lich
 66010 | Zot:5    | Noticed an orb of fire
 66011 | Zot:5    | Noticed an ancient lich
 66011 | Zot:5    | Noticed an orb of fire
 66026 | Zot:5    | Gained mutation: Your body often deteriorates upon taking
                  | damage. [an orb of fire]
 66031 | Zot:5    | Gained mutation: You are occasionally teleported next to
                  | monsters. [an orb of fire]
 66476 | Zot:5    | Killed an orb of fire
 67288 | Zot:5    | Gained mutation: Your spells are a little easier to cast,
                  | but a little less powerful. [an orb of fire]
 67290 | Zot:5    | Gained mutation: You have hidden genetic defects. [an orb
                  | of fire]
 67291 | Zot:5    | Killed an orb of fire
 67297 | Zot:5    | Reached skill level 26 in Axes
 67309 | Zot:5    | Killed an ancient lich
 67309 | Zot:5    | Received a gift from Okawaru
 67623 | Zot:5    | Got the Orb of Zot
 67835 | D:14     | Noticed Zyotushe the pandemonium lord
 68224 | D:2      | Noticed Ackaud the pandemonium lord
 68286 | D:$      | Escaped with the Orb!

Illustrated notes

Levels and vault maps discovered:
D:1:      heliophobic_arrival_henge, layout_basic,
          dreamdust_ecumenical_altar_sealed_demon
D:2:      layout_basic, chequers_serial_rivers_large_b, minmay_hexomino_u4
D:3:      layout_loops_ring, serial_shops, nicolae_shop_stone,
          hellmonk_ghost_happy_afterlife, st_stairs_12, minmay_snake_closets
D:4:      layout_basic, minmay_shop_grid_forest, uniq_ijyb, uniq_robin
D:5:      layout_rooms, minmay_temple_entry_grid, uniq_grinder
D:6:      layout_cave_pools, mainiacjoe_overflow_alcove_3,
          lightli_corner_chamber
D:7:      wad_woods_stonehenge, layout_basic, mainiacjoe_overflow_paths,
          nzn_ghost_randoct, uniq_maggie
D:8:      layout_cave_pools, mainiacjoe_overflow_surrounded_room,
          grunt_lair_entry_orc_guard_hut
D:9:      layout_loops_cross, zin_scriptorium, amcnicky_altar_gilded,
          uniq_joseph, uniq_gastronok
D:10:     layout_long_grid, orc_0_dummy
D:11:     layout_roguey, uniq_nergalle
D:12:     layout_roguey, gauntlet_entry_generic,
          gammafunk_ghost_berserking_beasts, uniq_azrael
D:13:     layout_layer_cave, erik_vaults_2
D:14:     layout_basic, special_room [special_room_mythical_zoo],
          small_statue_intersection
D:15:     grunt_enter_depths_hoard, layout_cross
Temple:   nicolae_temple_ecumenical_triangle
Lair:1:   layout_regular_city, beast_lair_carwin_1
Lair:2:   layout_regular_city, minmay_swamp_entry_worms,
          minmay_snake_entry_guardpost_small, evilmike_ambush
          [evilmike_ambush_outer_doors, evilmike_ambush_inner_basic]
Lair:3:   dreamdust_isle_of_ice, layout_long_grid
Lair:4:   layout_small_grid, slime_entry_1
Lair:5:   grunt_lair_end_beastmaster, layout_cave_shapes,
          chequers_serial_rivers_micro_e, grunt_megastairs_3, uniq_josephine
Swamp:1:  layout_basic_swamp, serial_swamp_ruin, hangedman_swamp_ruin_wall,
          evilmike_swamp_ruin_house_4, evilmike_swamp_ruin_rubble_2,
          swamp_pool1, st_swamp_ruins_4
Swamp:2:  layout_falls_marsh, hangedman_swamp_pad,
          nicolae_swamp_orc_logging_accident
Swamp:3:  layout_basic_swamp, evilmike_swamp_ruin_house_3,
          infiniplex_staircase_pool_2, uniq_louise, uniq_jorgrun
Swamp:4:  grunt_swamp_rune_castle, layout_basic_swamp, uniq_mlioglotl,
          uniq_donald
Snake:1:  layout_rooms, serial_bayou_pond_a, uniq_aizul, uniq_agnes,
          uniq_asterion
Snake:2:  gammafunk_sealed_library, layout_grid_maze, basic_altar, serial_shops,
          shop, nicolae_shop_advertising_works [nicolae_subvault_shop_adworks],
          nicolae_shop_window_shopping, grunt_megastairs_5
Snake:3:  layout_concentric_octagons, nicolae_integral_box
Snake:4:  hellmonk_snake_rune_quicksilver_temple, layout_onion,
          gammafunk_ghost_cemetery, serial_shops, shop, serial_bayou_ford_a,
          nicolae_snake_bzzzt
Orc:1:    dreamdust_wu_jian_sword_trials, layout_caves
Orc:2:    grunt_orc_tribal_feast, layout_caves
Elf:1:    nicolae_elf_arrival_no_cutting_in_line, layout_geoelf_grid,
          serial_shops, nicolae_diamond_shop, hangedman_elf_disciples
Elf:2:    nicolae_elf_blades_crystal_corner, layout_geoelf_grid
Elf:3:    minmay_elf_hall_furrowed, layout_geoelf_octagon,
          ploomutoo_gammafunk_ghost_potion_laboratory, serial_shops, shop,
          grunt_megastairs_2
Vaults:1: v_misc_32, hangedman_vaults_stretched_pinwheel,
          nicolae_vaults_three_branches, vaults_mumra_chevron_long, v_misc_29,
          nicolae_vaults_shelves_hall, vaults_room_door_ring,
          layout_vaults_omnigrid
Vaults:2: hangedman_vaults_stagger, hangedman_vaults_maws,
          ontoclasm_vaults_fire_temple, v_misc_26, v_alt_pattern_3,
          nicolae_vaults_network_barrier, vaults_room_grid,
          ontoclasm_vaults_claustrophobia, grunt_vaults_hallway_short,
          nicolae_vaults_network_periphery, nicolae_vaults_rhombus_7,
          nicolae_vaults_network_s, ontoclasm_vaults_fault,
          vaults_room_semicircle, ontoclasm_vaults_gateway,
          layout_vaults_omnibox, minmay_crypt_entry_nasty_monster, serial_shops,
          shop
Vaults:3: mu_enter_wizlab_5, nicolae_vaults_little_squares_3, v_misc_11,
          nicolae_vaults_shelves_hall, nicolae_vaults_yaktaur_gun_rack,
          nicolae_vaults_halls_meeting, grunt_vaults_focal,
          hangedman_vaults_trim, dpeg_vaults_monster_box, vaults_dpeg_diagonal,
          layout_vaults_omnicross, uniq_sojobo, uniq_boris
Vaults:4: hangedman_vaults_slice, nicolae_vaults_ninety_degrees,
          hangedman_vaults_cutoff, nicolae_vaults_little_squares_3,
          v_alt_pattern_1, nicolae_vaults_alarming, nicolae_vaults_puzzle_piece,
          hangedman_vaults_unwind, vaults_room_fancy_cross,
          nicolae_vaults_branching_niches, serial_ice_g,
          ontoclasm_vaults_shuriken, vaults_room_ringed_pool,
          nicolae_vaults_asterisk, vaults_room_pools, layout_vaults_maze_bifur
Vaults:5
Crypt:1:  layout_rooms, grunt_megastairs_1
Depths:1: layout_cave_shapes, kennysheep_nondescript, lightli_too_deep,
          pandoras_box_mu, uniq_enchantress
Depths:2: wad_statue_garden, layout_gridville, serial_shops, bzr_in_the_mist,
          pan_entry, hellmouth_1, chequers_serial_rivers_room_b,
          xom_confusion_cloud, infiniplex_staircase_x, serial_bayou_shore_b,
          uniq_saint_roka
Depths:3: gammafunk_its_a_trap, layout_cave_pools, enter_ziggurat_f,
          abyss_entry, pf_hell_entry_great_geh, kennysheep_generic_room_5
Depths:4: evilmike_zot_entry_argh, layout_gridlike, abyss_entry,
          minmay_fountain_box, grunt_hell_entry_dis_mu, kilobyte_rumbling_trees,
          serial_bayou_shore_a, uniq_vv
Zot:1:    minmay_elemental_castle, layout_onion
Zot:2:    dreamdust_black_sun_cult, layout_basic, uniq_josephina
Zot:3:    gammafunk_the_bubble [the_bubble_gammafunk_roulette], layout_gridlike
Zot:4:    kennysheep_room_grid, layout_concentric_octagons
Zot:5:    layout_misc_corridors

Skill      XL: |  1  2  3  4  5  6  7  8  9 10 11 12 13 14 15 16 17 18 19 20 21 22 23 24 25 26 27 |
---------------+----------------------------------------------------------------------------------+-----
Axes           | 3 4 5 6 8 9 10 12 13 14 16 17 18 19 20 21 22 26 | 26.1
Throwing       | 2 3 4 5 6 |  6.0
Fighting       | 4 5 7 8 9 10 11 12 13 14 15 16 17 18 19 20 21 23 | 23.5
Evocations     | 2 3 5 6 7 8 9 10 11 12 13 14 15 16 17 19 | 19.4
Armour         | 4 5 6 7 8 9 10 11 12 13 14 15 16 17 18 19 20 21 | 21.8
Shields        | 4 5 6 7 8 9 10 11 12 13 14 15 16 17 18 19 20 21 | 21.7
Invocations    | 3 6 8 10 12 14 15 16 17 18 19 20 21 22 23 24 25 | 25.9
Dodging        | 2 4 6 7 8 10 | 10.0

Action                   |  1- 3 |  4- 6 |  7- 9 | 10-12 | 13-15 | 16-18 | 19-21 | 22-24 | 25-27 || total
-------------------------+-------+-------+-------+-------+-------+-------+-------+-------+-------++-------
Melee: War axe           |    97 |   227 |   245 |       |       |       |       |       |       ||   569
       Broad axe         |       |       |    53 |   413 |  1049 |  1143 |   663 |  1019 |  1285 ||  5625
Throw: Dart              |       |    10 |     5 |     7 |     5 |     5 |       |       |       ||    32
       Javelin           |       |       |     3 |     6 |       |     4 |     3 |       |       ||    16
       Boomerang         |       |       |       |       |       |     2 |       |       |       ||     2
 Cast: Apportation       |       |       |       |       |       |       |       |       |     2 ||     2
Invok: Heroism           |       |       |     3 |    10 |    19 |    22 |    16 |    18 |    16 ||   104
       Finesse           |       |       |       |     4 |    14 |    10 |    13 |    17 |    13 ||    71
       Duel              |       |       |       |       |       |       |     1 |     1 |       ||     2
Evoke: Wand              |       |       |       |       |     4 |     5 |     5 |     5 |     8 ||    27
       Condenser vane    |       |       |       |       |     1 |     1 |       |     1 |     1 ||     4
       Lightning rod     |       |       |       |       |     3 |     5 |       |     1 |     3 ||    12
       Piece from Xom's  |       |       |       |       |     1 |       |       |       |       ||     1
  Use: Scroll            |     4 |    11 |     4 |     5 |    11 |    10 |       |     8 |     8 ||    61
       Potion            |       |       |     1 |     1 |     2 |     1 |     7 |     1 |    16 ||    29
 Stab: Invisible         |       |     3 |       |     1 |       |       |       |       |       ||     4
       Petrified         |       |       |       |       |     3 |       |       |       |       ||     3
       Petrifying        |       |       |       |       |     2 |       |       |       |       ||     2
       Confused          |       |       |       |       |       |     1 |       |       |       ||     1
       Distracted        |       |       |       |       |       |       |       |     1 |       ||     1
Armor: Scale mail        |    61 |     9 |       |       |       |       |       |       |       ||    70
       Plate armour      |       |   146 |   215 |   305 |   440 |   536 |   333 |   310 |   355 ||  2640
Dodge: Dodged            |    51 |    51 |    54 |   129 |   177 |   320 |   184 |   200 |   278 ||  1444
Block: Buckler           |    21 |    66 |   105 |   158 |       |       |       |       |       ||   350
       Kite shield       |       |       |       |     5 |   600 |   774 |   391 |   762 |   948 ||  3480
       Reflection        |       |       |       |       |       |       |       |   103 |    90 ||   193
       Rpst.: Broad axe  |       |       |       |       |       |       |    77 |   267 |   337 ||   681
